PCL
PHOENIX GIANTS @ HAWAII ISLANDERS
05/09/1982
 
TOP OF THE 1ST
San Jose Missions batting - Pitching for Hawaii Islanders : LHP Ray Fontenot
Pitching: LHP Ray Fontenot
Batting: LHB Jack Perconte 0-0: Called Strike
0-1: Foul Ball, location: 2F
0-2: Reached on error, E6 (Groundball, 6, EV 88.1 MPH)
Batting: RHB Ramon Estepa 0-0: Called Strike
0-1: SINGLE (Groundball, 56D, EV 98.8 MPH)
Jack Perconte to third
Runner from 3rd tries for Home, SAFE, no throw by LF
Batting: RHB Mike C Brown 0-0: Ball
1-0: Called Strike
1-1: Foul Ball, location: 2F
1-2: Ball
2-2: Foul Ball, location: 2F
2-2: Ball
Ramon Estepa is caught stealing 2nd base 2-4
3-2: Strikes out swinging
Batting: RHB John Rabb 0-0: SOLO HOME RUN (Flyball, 78XD, EV 110.6 MPH), Distance : 433 ft
Batting: SHB David Piller 0-0: Called Strike
0-1: Foul Ball, location: 2F
0-2: Ball
1-2: Foul Ball, location: 2F
1-2: Fly out, F8 (Line Drive, 8RM, EV 86.3 MPH)
Top of the 1st over - 2 runs, 2 hits, 1 error, 0 left on base; San Jose 2 - Hawaii 0
BOTTOM OF THE 1ST
Hawaii Islanders batting - Pitching for San Jose Missions : RHP Scott Sanderson
Pitching: RHP Scott Sanderson
Batting: RHB Duke Hinds 0-0: Called Strike
0-1: Ball
1-1: Ball
2-1: Called Strike
2-2: Strikes out swinging
Batting: SHB Ignacio Medina 0-0: Called Strike
0-1: Ball
1-1: Called Strike
1-2: Ground out 1-3 (Groundball, 34S, EV 81.9 MPH)
Batting: LHB Brian Rosinski 0-0: Foul Ball, location: 2F
0-1: Foul Ball, location: 2F
0-2: Fly out, F8 (Line Drive, 8LD, EV 83.8 MPH)
Bottom of the 1st over - 0 runs, 0 hits, 0 errors, 0 left on base; San Jose 2 - Hawaii 0
TOP OF THE 2ND
San Jose Missions batting - Pitching for Hawaii Islanders : LHP Ray Fontenot
Batting: RHB Pat Rockett 0-0: Swinging Strike
0-1: Swinging Strike
0-2: Ball
1-2: Ball
2-2: Ground out 4-3 (Groundball, 4, EV 85.0 MPH)
Batting: LHB Jesus Valerio 0-0: Ground out 6-3 (Groundball, 6, EV 78.8 MPH)
Batting: LHB Dave Lindgren 0-0: Fly out, F8 (Line Drive, 8RD, EV 95.6 MPH)
Top of the 2nd over - 0 runs, 0 hits, 0 errors, 0 left on base; San Jose 2 - Hawaii 0
BOTTOM OF THE 2ND
Hawaii Islanders batting - Pitching for San Jose Missions : RHP Scott Sanderson
Batting: SHB Charles Valley 0-0: Ball
1-0: DOUBLE (Flyball, 8LXD, EV 107.5 MPH)
Batting: SHB Manny Castillo 0-0: Ball
1-0: Called Strike
1-1: Swinging Strike
1-2: Ground out 6-3 (Groundball, 6, EV 86.9 MPH)
Batting: LHB Wayne Pechek 0-0: Ground out 4-3 (Groundball, 4, EV 83.1 MPH)
Charles Valley to third
Batting: LHB Jerry Willard 0-0: Called Strike
0-1: Swinging Strike
0-2: Ball
1-2: Strikes out swinging
Bottom of the 2nd over - 0 runs, 1 hit, 0 errors, 1 left on base; San Jose 2 - Hawaii 0
TOP OF THE 3RD
San Jose Missions batting - Pitching for Hawaii Islanders : LHP Ray Fontenot
Batting: LHB George LaCoe 0-0: Foul Ball, location: 2F
0-1: Ball
1-1: Swinging Strike
1-2: Strikes out swinging
Batting: LHB Jack Perconte 0-0: Ball
1-0: Ground out 4-3 (Groundball, 34D, EV 81.9 MPH)
Batting: RHB Ramon Estepa 0-0: Called Strike
0-1: Ball
1-1: Swinging Strike
1-2: Strikes out swinging
Top of the 3rd over - 0 runs, 0 hits, 0 errors, 0 left on base; San Jose 2 - Hawaii 0
BOTTOM OF THE 3RD
Hawaii Islanders batting - Pitching for San Jose Missions : RHP Scott Sanderson
Batting: RHB Rob Teegarden 0-0: Called Strike
0-1: Ball
1-1: Bunt missed!
1-2: Fly out, F4 (Flyball, 34D, EV 79.4 MPH)
Batting: RHB Tony Walker 0-0: Ball
1-0: Ball
2-0: Called Strike
2-1: Ball
3-1: Swinging Strike
3-2: Foul Ball, location: 2F
3-2: Foul Ball, location: 2F
3-2: SINGLE (Line Drive, 78S, EV 100.6 MPH)
Batting: RHB Duke Hinds 0-0: Called Strike
Tony Walker steals 2nd base
0-1: Fly out, F8 (Flyball, 8LXD, EV 95.6 MPH)
Runner from 2nd tags up, SAFE at 3rd, no throw by CF
Batting: SHB Ignacio Medina 0-0: Called Strike
0-1: Ball
1-1: Foul Ball, location: 2F
1-2: Ball
2-2: Strikes out looking
Bottom of the 3rd over - 0 runs, 1 hit, 0 errors, 1 left on base; San Jose 2 - Hawaii 0
TOP OF THE 4TH
San Jose Missions batting - Pitching for Hawaii Islanders : LHP Ray Fontenot
Batting: RHB Mike C Brown 0-0: Ball
1-0: TRIPLE (Flyball, 89XD, EV 91.3 MPH)
Batting: RHB John Rabb 0-0: Called Strike
0-1: Foul Ball, location: 2F
0-2: Strikes out looking
Batting: SHB David Piller 0-0: Ball
1-0: Called Strike
1-1: Ball
2-1: Swinging Strike
2-2: Strikes out swinging
Batting: RHB Pat Rockett 0-0: Foul Ball, location: 2F
0-1: Ball
1-1: Ball
2-1: Ball
3-1: Ground out 1-3 (Groundball, 25, EV 81.9 MPH)
Top of the 4th over - 0 runs, 1 hit, 0 errors, 1 left on base; San Jose 2 - Hawaii 0
BOTTOM OF THE 4TH
Hawaii Islanders batting - Pitching for San Jose Missions : RHP Scott Sanderson
Batting: LHB Brian Rosinski 0-0: Called Strike
0-1: Ball
1-1: Foul Ball, location: 2F
1-2: Ball
2-2: Strikes out swinging
Batting: SHB Charles Valley 0-0: Foul Ball, location: 2F
0-1: DOUBLE (Groundball, 3L, EV 105.0 MPH)
Batting: SHB Manny Castillo 0-0: Ball
1-0: Ball
2-0: Ball
3-0: Called Strike
3-1: Foul Ball, location: 2F
3-2: Ground out 3-1 (Groundball, 34, EV 91.3 MPH)
Charles Valley to third
Batting: LHB Wayne Pechek 0-0: Ball
1-0: Ball
2-0: Called Strike
2-1: Called Strike
2-2: Fly out, F5 (Popup, 56S, EV 65.6 MPH)
Bottom of the 4th over - 0 runs, 1 hit, 0 errors, 1 left on base; San Jose 2 - Hawaii 0
TOP OF THE 5TH
San Jose Missions batting - Pitching for Hawaii Islanders : LHP Ray Fontenot
Batting: LHB Jesus Valerio 0-0: Ball
1-0: Called Strike
1-1: Ball
2-1: Swinging Strike
2-2: Ball
3-2: Strikes out swinging
Batting: LHB Dave Lindgren 0-0: Called Strike
0-1: Called Strike
0-2: SOLO HOME RUN (Flyball, 9D, EV 99.4 MPH), Distance : 368 ft
Batting: LHB George LaCoe 0-0: Called Strike
0-1: Foul Ball, location: 2F
0-2: Ball
1-2: SINGLE (Line Drive, 6M, EV 99.4 MPH)
Batting: LHB Jack Perconte 0-0: Called Strike
0-1: Ball
Wild Pitch!
George LaCoe to second
1-1: Swinging Strike
1-2: DOUBLE (Groundball, 3L, EV 102.5 MPH)
George LaCoe scores
Batting: RHB Ramon Estepa 0-0: Called Strike
0-1: Called Strike
0-2: Ball
1-2: Ball
2-2: Ball
3-2: Strikes out looking
Batting: RHB Mike C Brown 0-0: Called Strike
0-1: Ball
1-1: Ball
2-1: SINGLE (Groundball, 34D, EV 105.0 MPH)
Jack Perconte to third
Runner from 3rd tries for Home, SAFE, no throw by RF
Batting: RHB John Rabb 0-0: Fielders Choice at 2nd, U6 (Groundball, 6M, EV 83.1 MPH)
Top of the 5th over - 3 runs, 4 hits, 0 errors, 1 left on base; San Jose 5 - Hawaii 0
BOTTOM OF THE 5TH
Hawaii Islanders batting - Pitching for San Jose Missions : RHP Scott Sanderson
Batting: LHB Jerry Willard 0-0: Ball
1-0: Foul Ball, location: 2F
1-1: Foul Ball, location: 2F
1-2: Ball
2-2: Ball
3-2: Ground out 6-3 (Groundball, 6, EV 98.8 MPH)
Batting: RHB Rob Teegarden 0-0: Foul Ball, location: 2F
0-1: Ball
1-1: Called Strike
1-2: Foul Ball, location: 2F
1-2: Ball
2-2: Ground out 6-3 (Groundball, 6, EV 85.6 MPH)
Batting: RHB Tony Walker 0-0: Fly out, F9 (Flyball, 9LD, EV 81.9 MPH)
Bottom of the 5th over - 0 runs, 0 hits, 0 errors, 0 left on base; San Jose 5 - Hawaii 0
TOP OF THE 6TH
San Jose Missions batting - Pitching for Hawaii Islanders : LHP Ray Fontenot
Batting: SHB David Piller 0-0: Ball
1-0: SINGLE (Groundball, 4MD, EV 95.0 MPH)
Batting: RHB Pat Rockett 0-0: Ball
1-0: Fielders Choice at 2nd, 6-4 (Groundball, 56, EV 93.8 MPH)
Batting: LHB Jesus Valerio 0-0: Foul Ball, location: 2F
0-1: Ball
1-1: Ball
2-1: Ball
3-1: Fielders Choice at 2nd, 6-4 (Groundball, 6, EV 105.0 MPH)
Batting: LHB Dave Lindgren 0-0: Fly out, F9 (Line Drive, 9, EV 96.3 MPH)
Top of the 6th over - 0 runs, 1 hit, 0 errors, 1 left on base; San Jose 5 - Hawaii 0
BOTTOM OF THE 6TH
Hawaii Islanders batting - Pitching for San Jose Missions : RHP Scott Sanderson
Batting: RHB Duke Hinds 0-0: Called Strike
0-1: Fly out, F9 (Flyball, 9LS, EV 95.0 MPH)
Batting: SHB Ignacio Medina 0-0: Called Strike
0-1: Ground out U3 (Groundball, 34, EV 82.5 MPH)
Batting: LHB Brian Rosinski 0-0: Foul Ball, location: 2F
0-1: Foul Ball, location: 2F
0-2: DOUBLE (Line Drive, 9LS, EV 107.5 MPH)
Batting: SHB Charles Valley 0-0: Ball
1-0: Swinging Strike
1-1: Called Strike
1-2: Strikes out looking
Bottom of the 6th over - 0 runs, 1 hit, 0 errors, 1 left on base; San Jose 5 - Hawaii 0
TOP OF THE 7TH
San Jose Missions batting - Pitching for Hawaii Islanders : LHP Ray Fontenot
Pitching: RHP Roger Weaver
Batting: LHB George LaCoe 0-0: Ball
1-0: Called Strike
1-1: Ball
2-1: Foul Ball, location: 2F
2-2: Ball
3-2: Base on Balls
Batting: LHB Jack Perconte 0-0: Ball
1-0: Ball
2-0: Ball
3-0: Called Strike
3-1: Foul Ball, location: 2F
3-2: Fly out, F8 (Line Drive, 8LD, EV 89.4 MPH)
Batting: RHB Ramon Estepa 0-0: Ball
1-0: Ball
2-0: Foul Ball, location: 2F
2-1: Ball
3-1: Foul Ball, location: 2F
3-2: Foul Ball, location: 2F
3-2: Base on Balls
George LaCoe to second
Batting: RHB Mike C Brown 0-0: Ball
George LaCoe steals 3rd base
1-0: Ball
2-0: Called Strike
2-1: Ball
3-1: Ground out 5-3 (Groundball, 5L, EV 102.5 MPH)
George LaCoe scores
Ramon Estepa to second
Batting: RHB John Rabb 0-0: Ball
1-0: Ball
2-0: Ball
3-0: Called Strike
3-1: Ground out 6-3 (Groundball, 6, EV 82.5 MPH)
Top of the 7th over - 1 run, 0 hits, 0 errors, 1 left on base; San Jose 6 - Hawaii 0
BOTTOM OF THE 7TH
Hawaii Islanders batting - Pitching for San Jose Missions : RHP Scott Sanderson
Batting: SHB Manny Castillo 0-0: Called Strike
0-1: Fly out, F8 (Line Drive, 8RM, EV 107.5 MPH)
Batting: LHB Wayne Pechek 0-0: Ball
1-0: Ground out 6-3 (Groundball, 6, EV 93.1 MPH)
Batting: LHB Jerry Willard 0-0: Ball
1-0: Ball
2-0: Called Strike
2-1: SINGLE (Groundball, 3D, EV 111.3 MPH)
Batting: RHB Rob Teegarden 0-0: Ball
1-0: Fielders Choice at 2nd, 6-4 (Groundball, 6, EV 99.4 MPH)
Bottom of the 7th over - 0 runs, 1 hit, 0 errors, 1 left on base; San Jose 6 - Hawaii 0
TOP OF THE 8TH
San Jose Missions batting - Pitching for Hawaii Islanders : RHP Roger Weaver
Batting: SHB David Piller 0-0: Ball
1-0: Ball
2-0: Ball
3-0: Base on Balls
Batting: RHB Pat Rockett 0-0: Ball
1-0: Ball
2-0: Ball
3-0: Called Strike
3-1: Base on Balls
David Piller to second
Pitching: LHP Bill Latham
Batting: LHB Jesus Valerio 0-0: Called Strike
0-1: Foul Ball, location: 2F
0-2: Foul Ball, location: 2F
0-2: Strikes out swinging
Batting: LHB Dave Lindgren 0-0: Foul Ball, location: 2F
0-1: Foul Ball, location: 2F
0-2: Strikes out swinging
Batting: LHB George LaCoe 0-0: Ball
1-0: Fly out, F8 (Flyball, 8LS, EV 91.3 MPH)
Top of the 8th over - 0 runs, 0 hits, 0 errors, 2 left on base; San Jose 6 - Hawaii 0
BOTTOM OF THE 8TH
Hawaii Islanders batting - Pitching for San Jose Missions : RHP Scott Sanderson
Batting: RHB Tony Walker 0-0: Ball
1-0: Ball
2-0: Ball
3-0: Called Strike
3-1: Foul Ball, location: 2F
3-2: Strikes out looking
Pitching: RHP Bruce Westbrook
Batting: RHB Duke Hinds 0-0: Ball
1-0: Ball
2-0: Foul Ball, location: 2F
2-1: Ground out 6-3 (Groundball, 6M, EV 83.8 MPH)
Batting: SHB Ignacio Medina 0-0: Fly out, F7 (Flyball, 7LS, EV 90.6 MPH)
Bottom of the 8th over - 0 runs, 0 hits, 0 errors, 0 left on base; San Jose 6 - Hawaii 0
TOP OF THE 9TH
San Jose Missions batting - Pitching for Hawaii Islanders : LHP Bill Latham
Pitching: RHP Mackasey Lee
Batting: LHB Jack Perconte 0-0: Ball
1-0: Ground out 6-3 (Groundball, 6M, EV 87.5 MPH)
Batting: RHB Ramon Estepa 0-0: Ball
1-0: Called Strike
1-1: Ground out 4-3 (Groundball, 4, EV 86.3 MPH)
Batting: RHB Mike C Brown 0-0: Ball
1-0: Swinging Strike
1-1: Swinging Strike
1-2: Foul Ball, location: 2F
1-2: Foul Ball, location: 2F
1-2: Ground out 5-3 (Groundball, 56S, EV 90.0 MPH)
Top of the 9th over - 0 runs, 0 hits, 0 errors, 0 left on base; San Jose 6 - Hawaii 0
BOTTOM OF THE 9TH
Hawaii Islanders batting - Pitching for San Jose Missions : RHP Bruce Westbrook
Batting: LHB Brian Rosinski 0-0: Swinging Strike
0-1: Ball
1-1: Foul Ball, location: 2F
1-2: Strikes out swinging
Batting: SHB Charles Valley 0-0: Called Strike
0-1: Swinging Strike
0-2: Strikes out swinging
Batting: SHB Manny Castillo 0-0: Ball
1-0: Called Strike
1-1: SINGLE (Line Drive, 56D, EV 93.8 MPH)
Batting: LHB Wayne Pechek 0-0: Ball
1-0: Swinging Strike
1-1: Foul Ball, location: 2F
1-2: Ball
2-2: Ground out 4-3 (Groundball, 4, EV 101.9 MPH)
Bottom of the 9th over - 0 runs, 1 hit, 0 errors, 1 left on base; San Jose 6 - Hawaii 0
Thursday, July 30th, 2020 - OOTP Baseball 21.5 Build 71